 Dungeon Crawl Stone Soup version bcrawl-1.28.1b (webtiles) character file.

Game seed: 12402207522917130327

340395 dcsswall the Geomancer (level 10, -4/76 HPs)
             Began as a Formicid Earth Elementalist on Jan 1, 2021.
             Was an Initiate of the Shining One.
             Slain by a hornet (14 damage)
             ... on level 6 of the Dungeon.
             The game lasted 00:26:13 (5922 turns).

dcsswall the Geomancer (FoEE)                       Turns: 5922, Time: 00:26:13

Health: -4/76      AC: 11    Str: 14    XL:     10   Next: 26%
Magic:  11/17      EV: 13    Int: 15    God:    the Shining One [......]
Gold:   100        SH:  6    Dex: 11    Spells: 8/18 levels left

rFire    . . .     SeeInvis +   c - +3 flail (protect)
rCold    . . .     Gourm    +   w - +2 buckler {rPois}
rNeg     . . .     Faith    .   h - +3 robe of Dithmenos's Reproof {Int-2 Slay+2 Stlth+}
rPois    +         Spirit   .   (helmet unavailable)
rElec    .         Reflect  .   v - +2 cloak
rCorr    .         Harm     .   p - +0 pair of gloves
MR       +....                  m - +1 pair of boots {Fly}
Stlth    +.........             t - amulet of the gourmand
HPRegen  0.22/turn              (no ring)
MPRegen  0.15/turn              (no ring)

@: flying, glowing
A: permanent stasis, dig shafts and tunnels, four strong arms, antennae 3
a: Dig, Shaft Self, Renounce Religion, Stop Flying


You were on level 6 of the Dungeon.
You worshipped the Shining One.
The Shining One was noncommittal.
You were full.

You visited 2 branches of the dungeon, and saw 7 of its levels.
You also visited: Sewer.

You collected 295 gold pieces.
You spent 195 gold pieces at shops.

Inventory:

Hand Weapons
 c - a +3 flail of protection (weapon)
Missiles
 b - 88 stones
 f - 969 sling bullets
 o - 219 poisoned tomahawks (quivered)
Armour
 h - the +3 robe of Dithmenos's Reproof (worn) {Int-2 Slay+2 Stlth+}
   (You found it on level 4 of the Dungeon)

   It affects your intelligence (-2).
   It affects your accuracy and damage with ranged weapons and melee attacks
   (+2).
   It makes you more stealthy.
 m - a +1 pair of boots of flying (worn)
 p - a +0 pair of gloves (worn)
 v - a +2 cloak (worn)
 w - a +2 buckler of poison resistance (worn)
Jewellery
 g - an uncursed ring of see invisible {unknown}
 t - an amulet of the gourmand (around neck)
Scrolls
 d - a scroll of enchant armour
 q - 2 scrolls of identify
 r - a scroll of amnesia
 s - a scroll of immolation
 u - 4 scrolls of remove curse
 x - a scroll of magic mapping
Potions
 a - a potion of heal wounds
 i - a potion of resistance
 j - 2 potions of magic
 k - 3 potions of agility
 l - a potion of curing
 n - a potion of cancellation
 z - a potion of invisibility {unknown}
Comestibles
 e - 13 rations {!d}


   Skills:
 - Level 6.0 Fighting
 + Level 6.7 Maces & Flails
 - Level 5.4 Dodging
 - Level 2.6 Stealth
 * Level 2.1 Shields
 - Level 4.7 Spellcasting
 - Level 1.1 Transmutations
 - Level 10.0 Earth Magic


You had 8 spell levels left.
You knew the following spells:

 Your Spells              Type           Power        Failure   Level  Hunger
a - Sandblast             Erth           ####..       1%          1    None
b - Lee's Rapid Deconstr  Erth           ####......   12%         5    ######.
c - Petrify               Tmut/Erth      ###.......   26%         4    #####..

Your spell library contained the following spells:

 Spells                   Type           Power        Failure   Level  Hunger
 Passwall                 Tmut/Erth      ###.....     4%          2    None
 Stone Arrow              Conj/Erth      ###...       11%         3    ###....


Dungeon Overview and Level Annotations

Branches:
Dungeon (6/12)             Temple (1/1) D:5

Altars:
Ashenzari
Cheibriados
Dithmenos
Elyvilon
Fedhas
Gozag
Hepliaklqana
Kikubaaqudgha
Lugonu
Makhleb
Nemelex Xobeh
Okawaru
Qazlal
Ru
Trog
Uskayaw
Vehumet
Wu Jian
Xom
Yredelemnul
Zin
The Shining One

Shops:
D:6 [


Innate Abilities, Weirdness & Mutations

You cannot be hasted, slowed, berserked, paralysed or teleported.
You can dig through walls and to a lower floor.
Your four strong arms can wield two-handed weapons with a shield.
You have a pair of large antennae on your head. (SInv)


Message History

The hornet closely misses you.
Casting: Sandblast (safe; 1% risk of failure)
Confirm with . or Enter, or press ? or * to list all spells.
Aiming: Sandblast (safe; 1% risk of failure)
Press: ? - help, Shift-Dir - straight line, f/p - hornet
Aim: a hornet (heavily wounded, haloed)
The blast of sand misses the hornet.
b - 98 stones The hornet stings you!
* * * LOW HITPOINT WARNING * * *
Casting: Sandblast (safe; 1% risk of failure)
Confirm with . or Enter, or press ? or * to list all spells.
Aiming: Sandblast (safe; 1% risk of failure)
Press: ? - help, Shift-Dir - straight line, f/p - hornet
Aim: a hornet (heavily wounded, haloed)
The blast of sand hits the hornet!
The hornet is almost dead.
b - 88 stones The hornet stings you!
You die...

...##.....##...........
#..##.....##........... {
#...#.....##..##....##.
#...'.....##..##....##.
#...#.....'...##....##. {
#†h)#.....#...##....##.
{{{#{.##....###..##....##.
{ #..##....#######....##.
#.[).y@................
#..†...>...............
#..##..####...#########
#..########...##....###
#.......#..............
#.......#............).
#..##..##.##..##.......
#..##.†##.######.....∩.
#..#...........#.......


You could see a hornet.

Vanquished Creatures
  A two-headed ogre (D:4)
  Pikel (D:5)
  A hornet (D:5)
  Sigmund (D:2)
  A hungry ghost (D:6)
  A water moccasin (D:6)
  A sky beast (D:5)
  An orc warrior (D:6)
  6 ogres
  Blork the orc (D:6)
  A big kobold (Sewer)
  2 bullfrogs
  A wyvern skeleton (D:5)
  2 scorpions
  A howler monkey (D:6)
  2 crimson imps (D:4)
  A quasit (D:5)
  A bullfrog zombie (D:3)
  3 orc priests
  3 orc wizards
  4 worker ants
  A hound skeleton (D:4)
  6 adders
  4 gnolls (D:5)
  2 shadow imps (D:5)
  An ooze (Sewer)
  4 worms (D:2)
  4 dart slugs
  2 leopard geckos
  17 orcs
  7 bats
  8 giant cockroaches
  6 goblins
  8 hobgoblins
  7 jackals
  16 kobolds
  2 quokkas
  7 ball pythons
  5 frilled lizards
  A goblin skeleton (D:4)
  2 goblin zombies (D:4)
  3 hobgoblin zombies (D:4)
  A kobold skeleton (D:4)
  2 orc skeletons (D:4)
  An orc zombie (D:4)
  A quokka skeleton (D:4)
  8 rats
162 creatures vanquished.

Vanquished Creatures (others)
  A slave (D:5)
  3 gnolls (D:5)
  An adder (D:5)
5 creatures vanquished.

Grand Total: 167 creatures vanquished

Notes
Turn   | Place    | Note
-------+----------+-------------------------------------------
     0 | D:1      | dcsswall the Formicid Earth Elementalist began the quest
                  | for the Orb.
     0 | D:1      | Reached XP level 1. HP: 13/13 MP: 3/3
    23 | D:1      | Reached XP level 2. HP: 7/20 MP: 0/5
    26 | D:1      | Reached skill level 4 in Earth Magic
   300 | D:1      | Reached skill level 1 in Fighting
   359 | D:1      | Reached XP level 3. HP: 26/26 MP: 4/6
  1052 | D:2      | Reached XP level 4. HP: 32/32 MP: 5/7
  1095 | D:2      | Noticed Sigmund
  1122 | D:2      | Killed Sigmund
  1123 | D:2      | Reached skill level 6 in Earth Magic
  1123 | D:2      | Reached XP level 5. HP: 16/38 MP: 0/9
  1123 | D:2      | Reached XP level 6. HP: 18/44 MP: 0/10
  1426 | D:2      | Found a sparkling altar of Nemelex Xobeh.
  1554 | D:2      | Found a blossoming altar of Fedhas.
  2134 | D:3      | Noticed an ogre
  2140 | D:3      | Killed an ogre
  2515 | D:3      | Found a glowing silver altar of Zin.
  2614 | D:3      | Found a glowing drain.
  2637 | D:3      | Reached XP level 7. HP: 24/51 MP: 12/12
  2644 | Sewer    | Entered a sewer
  3192 | D:4      | Noticed a two-headed ogre
  3205 | D:4      | Killed a two-headed ogre
  3206 | D:4      | Reached skill level 7 in Earth Magic
  3206 | D:4      | Reached XP level 8. HP: 61/61 MP: 8/14
  3236 | D:4      | Found a glowing golden altar of the Shining One.
  3342 | D:4      | Reached skill level 5 in Dodging
  3797 | D:4      | Learned a level 5 spell: Lee's Rapid Deconstruction
  3802 | D:4      | Learned a level 4 spell: Petrify
  3815 | D:4      | Found a radiant altar of Vehumet.
  3866 | D:4      | Reached skill level 8 in Earth Magic
  3866 | D:4      | Reached XP level 9. HP: 36/67 MP: 9/16
  3908 | D:4      | Got a warped robe
  3921 | D:4      | Identified the +3 robe of Dithmenos's Reproof {Int-2 Slay+2
                  | Stlth+} (You found it on level 4 of the Dungeon)
  4055 | D:5      | Entered Level 5 of the Dungeon
  4249 | D:5      | Found a staircase to the Ecumenical Temple.
  4264 | D:5      | Reached skill level 9 in Earth Magic
  4267 | D:5      | Noticed a hornet
  4282 | D:5      | Killed a hornet
  4283 | D:5      | Reached skill level 10 in Earth Magic
  4288 | Temple   | Entered the Ecumenical Temple
  4564 | D:4      | Became a worshipper of the Shining One
  4595 | D:5      | Noticed Pikel
  4619 | D:5      | Killed Pikel
  4620 | D:5      | Reached skill level 5 in Fighting
  4720 | D:5      | Found an iron altar of Okawaru.
  5338 | D:5      | Reached XP level 10. HP: 54/76 MP: 17/17
  5582 | D:6      | Noticed Blork the orc
  5587 | D:6      | Found Hefoote's Antique Armour Emporium.
  5596 | D:6      | Reached skill level 5 in Maces & Flails
  5599 | D:6      | Killed Blork the orc
  5680 | D:6      | Bought a glowing buckler for 195 gold pieces
  5869 | D:6      | Reached skill level 1 in Shields
  5922 | D:6      | Slain by a hornet

Skill      XL: |  1  2  3  4  5  6  7  8  9 10 |
---------------+-------------------------------+-----
Earth Magic    | 4 6 7 8 10 | 10.0
Dodging        | 2 4 5 |  5.4
Fighting       | 1 2 4 6 |  6.0
Spellcasting   | 3 4 |  4.7
Maces & Flails | 4 6 |  6.7
Shields        | 2 |  2.1
Stealth        | |  2.6
Transmutations | |  1.1

Action                   |  1- 3 |  4- 6 |  7- 9 | 10-12 || total
-------------------------+-------+-------+-------+-------++-------
Melee: Unarmed           |    37 |    39 |       |       ||    76
       Short sword       |       |    48 |    16 |       ||    64
       Whip              |       |       |   216 |       ||   216
       Flail             |       |       |   100 |    39 ||   139
Throw: Stone             |     3 |       |       |       ||     3
       Tomahawk          |       |    16 |    10 |     1 ||    27
 Cast: Sandblast         |    48 |    24 |    39 |    17 ||   128
       Lee's Rapid Decon |       |       |     8 |     1 ||     9
 Abil: Dig               |     1 |       |       |       ||     1
  Use: Scroll            |     2 |     5 |    12 |       ||    19
       Potion            |       |       |     8 |       ||     8
 Stab: Sleeping          |       |     3 |     2 |       ||     5
  Eat: Chunk             |     2 |     7 |    31 |     4 ||    44
       Ration            |       |       |     1 |       ||     1
Armor: Robe              |     8 |    31 |   107 |    17 ||   163
Dodge: Dodged            |    41 |    99 |   278 |    42 ||   460
Block: Buckler           |       |       |       |     8 ||     8
